 Dungeon Crawl Stone Soup version 0.26.0-16-gc1dbca0489 (webtiles) character file.

Game seed: 309889938929189130

51 kaeus the Ruffian (level 3, -3/29 HPs)
             Began as a Draconian Transmuter on Jan 20, 2021.
             Slain by a human (9 damage)
             ... on level 2 of the Dungeon.
             The game lasted 00:03:20 (1483 turns).

kaeus the Ruffian (Draconian Transmuter)            Turns: 1483, Time: 00:03:21

Health: -3/29      AC:  5    Str: 13    XL:     3   Next: 58%
Magic:  6/6        EV: 12    Int: 13    God:
Gold:   64         SH:  0    Dex: 11    Spells: 5/6 levels left

rFire    . . .     SeeInvis .     - Unarmed
rCold    . . .     Faith    .   (no shield)
rNeg     . . .     Spirit   .   (armour unavailable)
rPois    .         Reflect  .   (helmet restricted)
rElec    .         Harm     .   (no cloak)
rCorr    .         Rampage  .   (no gloves)
Will     .....                  (no boots)
Stlth    +.........             (no amulet)
HPRegen  0.09/turn              (no ring)
MPRegen  0.10/turn              (no ring)

@: no status effects
A: unfitting armour, cold-blooded, AC +5
a: no special abilities


You were on level 2 of the Dungeon.
You visited 1 branch of the dungeon, and saw 2 of its levels.

You collected 64 gold pieces.

Inventory:

Scrolls
 a - 2 scrolls of teleportation {unknown}
 c - 2 scrolls of remove curse {unknown}
 e - a scroll of immolation {unknown}
 h - a scroll of magic mapping {unknown}
 i - a scroll of noise {unknown}
 j - a scroll of fear {unknown}
 k - a scroll of enchant armour {unknown}
Potions
 b - 2 potions of curing {unknown}
 d - a potion of heal wounds {unknown}
 f - a potion of haste {unknown}
 g - 2 potions of mutation {unknown}


   Skills:
 + Level 1.9 Fighting
 + Level 2.2 Dodging
 + Level 3.4 Unarmed Combat
 + Level 2.4 Spellcasting
 + Level 2.5 Transmutations


You had 5 spell levels left.
You knew the following spells:

 Your Spells              Type           Power        Failure   Level
a - Beastly Appendage     Tmut           16%          9%          1

Your spell library contained the following spells:

 Spells                   Type           Power        Failure   Level
 Wereblood                Tmut           8%           13%         2
 Spider Form              Tmut/Pois      2%           41%         3
 Ice Form                 Ice/Tmut       4%           82%         4
 Blade Hands              Tmut           4%           94%         5


Dungeon Overview and Level Annotations

Branches:
Dungeon (2/15)

Altars:
Yredelemnul


Innate Abilities, Weirdness & Mutations

Your plain brown scales are hard. (AC +5)
You cannot fit into any form of body armour.
You are cold-blooded and may be slowed by cold attacks.


Message History

The human is severely wounded.
The human closely misses you.
You hit the human.
The human is severely wounded.
The human closely misses you.
You barely miss the human.
The human is severely wounded.
The human closely misses you.
You barely miss the human.
The human is severely wounded.
The human hits you.
* * * LOW HITPOINT WARNING * * *
You closely miss the human.
The human is severely wounded.
The human hits you.
* * * LOW HITPOINT WARNING * * *
You barely miss the human.
Your tail-slap misses the human.
The human is severely wounded.
The human hits you!
You die...

##.#......#
##.#[#.....#######
##.#.##.......)...##
##.#.##......#####..#
##.#.##......#8.รท....#
#.#.####.#####.......#
.#.#####.######......#
#.##.....##...#)###.##
)######..##._.#.@p#.# #
#..##...#.###.#
#########.....#
#......# #8.....#
########


You could see a human.

Vanquished Creatures
  2 oozes
  2 worms (D:2)
  A dart slug (D:1)
  A leopard gecko (D:1)
  A bat (D:1)
  A giant cockroach (D:1)
  5 goblins
  5 hobgoblins
  4 jackals (D:1)
  A kobold (D:1)
  A quokka (D:2)
  2 frilled lizards
  A goblin zombie (D:2)
  A kobold zombie (D:2)
  5 rats
33 creatures vanquished.

Vanquished Creatures (others)
  3 plants (D:2)
3 creatures vanquished.

Grand Total: 36 creatures vanquished

Notes
Turn   | Place    | Note
-------+----------+-------------------------------------------
     0 | D:1      | kaeus the Draconian Transmuter began the quest for the Orb.
     0 | D:1      | Reached XP level 1. HP: 16/16 MP: 3/3
   277 | D:1      | Reached XP level 2. HP: 23/23 MP: 3/5
   696 | D:1      | Reached XP level 3. HP: 23/29 MP: 4/6
  1229 | D:2      | Found a runed translucent door.
  1229 | D:2      | Noticed a human
  1243 | D:2      | Found a basalt altar of Yredelemnul.
  1483 | D:2      | Slain by a human

Illustrated notes

Levels and vault maps discovered:
D:1:      tarquinn_simple_flora_water_e, layout_loops_ring, fountainhead
D:2:      minmay_inner_zag, layout_rooms, nemelex_altar_shiori,
          kennysheep_vampire_church, serial_forest,
          infiniplex_forest_clump_tiny, infiniplex_forest_end_3,
          infiniplex_forest_diagonal, infiniplex_forest_end_2,
          infiniplex_forest_clump_cross, serial_park_tiny_2,
          dk_yredelemnul_ordeal

Skill      XL: |  1  2 |
---------------+-------+-----
Dodging        | 2 |  2.2
Fighting       | |  1.9
Unarmed Combat | |  3.4
Spellcasting   | |  2.4
Transmutations | |  2.5

Action                   || total
-------------------------++-------
Melee: Unarmed           ||   136
       Headbutt          ||     5
       Kick              ||     7
       Tailslap          ||    16
       Punch             ||     1
 Cast: Beastly Appendage ||     8
Armor: Skin              ||    28
Dodge: Dodged            ||    73
